TOP OF THE 1ST |
Corpus Christi Twins batting - Pitching for Rappahannock Partisans : RHP Jim Unknown
|
Pitching: RHP Jim Unknown
|
|
Batting: RHB Andrew Floyd
|
0-0: Fly out, F8 (Flyball, 8RM)
|
Batting: RHB Bill McCarty
|
0-0: Ball 1-0: Ground out 4-3 (Groundball, 4)
|
Batting: RHB Gonzalo Núñez
|
0-0: Ball 1-0: Called Strike 1-1: Swinging Strike 1-2: Ground out 6-3 (Groundball, 6MS)
|
Top of the 1st over - 0 run(s), 0 hit(s), 0 error(s), 0 left on base; Corpus Christi 0 - Rappahannock 0 |
BOTTOM OF THE 1ST |
Rappahannock Partisans batting - Pitching for Corpus Christi Twins : RHP Jorge Castillo
|
Pitching: RHP Jorge Castillo
|
|
Batting: RHB Bill Taylor
|
0-0: Called Strike 0-1: Called Strike 0-2: SINGLE (Flyball, 89S)
|
Batting: LHB Alfonso López
|
0-0: SINGLE (Flyball, 7S) Bill Taylor to second
|
Batting: RHB Eduardo Manuel
|
0-0: Ball 1-0: Foul Ball, location: 2F 1-1: Swinging Strike 1-2: Strikes out swinging
|
Batting: RHB José Mata
|
0-0: Ball 1-0: Called Strike 1-1: Ball 2-1: Fly out, F8 (Flyball, 8RM)
|
Batting: RHB Matt Sheppard
|
0-0: Swinging Strike 0-1: Foul Ball, location: 2F 0-2: Foul Ball, location: 2F 0-2: Foul Ball, location: 2F 0-2: Ball 1-2: Foul Ball, location: 2F 1-2: Foul Ball, location: 2F 1-2: Strikes out swinging
|
Bottom of the 1st over - 0 run(s), 2 hit(s), 0 error(s), 2 left on base; Corpus Christi 0 - Rappahannock 0 |
TOP OF THE 2ND |
Corpus Christi Twins batting - Pitching for Rappahannock Partisans : RHP Jim Unknown
|
Batting: LHB Don Sullivan
|
0-0: Swinging Strike 0-1: Ball 1-1: Called Strike 1-2: Ball 2-2: Ball 3-2: Ground out 6-3 (Groundball, 6)
|
Batting: LHB John Brewer
|
0-0: Called Strike 0-1: Swinging Strike 0-2: Ball 1-2: Ball 2-2: Foul Ball, location: 2F 2-2: SINGLE (Groundball, 4MD)
|
Batting: SHB Miguel Soto
|
0-0: Called Strike 0-1: Called Strike 0-2: Foul Ball, location: 2F 0-2: Ball 1-2: Foul Ball, location: 2F 1-2: Ball 2-2: Foul Ball, location: 2F 2-2: Ball 3-2: Strikes out swinging
|
Batting: RHB Otso Tuulari
|
0-0: Swinging Strike 0-1: Swinging Strike 0-2: Strikes out swinging
|
Top of the 2nd over - 0 run(s), 1 hit(s), 0 error(s), 1 left on base; Corpus Christi 0 - Rappahannock 0 |
BOTTOM OF THE 2ND |
Rappahannock Partisans batting - Pitching for Corpus Christi Twins : RHP Jorge Castillo
|
Batting: LHB Jim Unknown
|
0-0: Ball 1-0: Ball 2-0: Ball 3-0: Base on Balls
|
Batting: RHB Jesús Murillo
|
0-0: Ball 1-0: Grounds into double play, 6-4-3 (Groundball, 6M)
|
Batting: LHB Miguel Mendoza
|
0-0: Ball 1-0: Ball 2-0: Ball 3-0: Called Strike 3-1: Foul Ball, location: 2F 3-2: Base on Balls
|
Batting: RHB Ángel Ruezga
|
0-0: Foul Ball, location: 2F 0-1: Foul Ball, location: 2F 0-2: Strikes out swinging
|
Bottom of the 2nd over - 0 run(s), 0 hit(s), 0 error(s), 1 left on base; Corpus Christi 0 - Rappahannock 0 |
TOP OF THE 3RD |
Corpus Christi Twins batting - Pitching for Rappahannock Partisans : RHP Jim Unknown
|
Batting: RHB Denis Taylor
|
0-0: Ball 1-0: Called Strike 1-1: Ground out 4-3 (Groundball, 4MD)
|
Batting: RHB Vincent Parker
|
0-0: Ball 1-0: Fly out, F9 (Flyball, 9M)
|
Batting: RHB Andrew Floyd
|
0-0: Called Strike 0-1: Ground out 6-3 (Groundball, 6)
|
Top of the 3rd over - 0 run(s), 0 hit(s), 0 error(s), 0 left on base; Corpus Christi 0 - Rappahannock 0 |
BOTTOM OF THE 3RD |
Rappahannock Partisans batting - Pitching for Corpus Christi Twins : RHP Jorge Castillo
|
Batting: RHB Bill Taylor
|
0-0: Called Strike 0-1: SINGLE (Groundball, 6MD)
|
Batting: LHB Alfonso López
|
0-0: Called Strike 0-1: Ball 1-1: Foul Ball, location: 2F 1-2: Foul Ball, location: 2F 1-2: Fly out, F5 (Popup, 15)
|
Batting: RHB Eduardo Manuel
|
0-0: Grounds into double play, 6-4-3 (Groundball, 56)
|
Bottom of the 3rd over - 0 run(s), 1 hit(s), 0 error(s), 0 left on base; Corpus Christi 0 - Rappahannock 0 |
TOP OF THE 4TH |
Corpus Christi Twins batting - Pitching for Rappahannock Partisans : RHP Jim Unknown
|
Batting: RHB Bill McCarty
|
0-0: Called Strike 0-1: Foul Ball, location: 2F 0-2: Ball 1-2: Ball 2-2: SINGLE (Line Drive, 56)
|
Batting: RHB Gonzalo Núñez
|
0-0: Swinging Strike 0-1: Ball 1-1: SINGLE (Popup, 3L) Bill McCarty to second Runner from 2nd tries for 3rd, OUT! Gonzalo Núñez to second
|
Batting: LHB Don Sullivan
|
0-0: Called Strike 0-1: Ball 1-1: Ball 2-1: Foul Ball, location: 2F 2-2: Ball 3-2: Foul Ball, location: 2F 3-2: Base on Balls
|
Batting: LHB John Brewer
|
0-0: Called Strike Gonzalo Núñez steals 3rd base Don Sullivan to second 0-1: Ball 1-1: Ball 2-1: Ball 3-1: Called Strike 3-2: SINGLE (Flyball, 9LM) Gonzalo Núñez scores Don Sullivan to third Runner from 3rd tries for Home, SAFE, no throw or cutoff
|
Batting: SHB Miguel Soto
|
0-0: Foul Ball, location: 2F 0-1: Ball 1-1: Ball 2-1: Ball 3-1: Foul Ball, location: 2F 3-2: Base on Balls John Brewer to second
|
Batting: RHB Otso Tuulari
|
0-0: Ball Passed Ball! John Brewer to third Miguel Soto to second 1-0: Called Strike 1-1: Foul Ball, location: 2F 1-2: Ball 2-2: SINGLE (Line Drive, 56D) John Brewer scores Miguel Soto to third Runner from 3rd tries for Home, SAFE, throw made home Otso Tuulari to second
|
Batting: RHB Denis Taylor
|
0-0: Called Strike 0-1: Ground out 5-3 (Groundball, 5S) Otso Tuulari to third
|
Batting: RHB Vincent Parker
|
0-0: Called Strike 0-1: Ball 1-1: Swinging Strike 1-2: Ball 2-2: Ball 3-2: Foul Ball, location: 2F 3-2: Foul Ball, location: 2F 3-2: Fly out, F8 (Line Drive, 8RM)
|
Top of the 4th over - 4 run(s), 4 hit(s), 0 error(s), 1 left on base; Corpus Christi 4 - Rappahannock 0 |
BOTTOM OF THE 4TH |
Rappahannock Partisans batting - Pitching for Corpus Christi Twins : RHP Jorge Castillo
|
Batting: RHB José Mata
|
0-0: Swinging Strike 0-1: Ball 1-1: Ball 2-1: Fly out, F9 (Flyball, 89M)
|
Batting: RHB Matt Sheppard
|
0-0: Called Strike 0-1: Ball 1-1: Ball 2-1: Swinging Strike 2-2: Strikes out swinging
|
Batting: LHB Jim Unknown
|
0-0: Ground out 4-3 (Groundball, 34)
|
Bottom of the 4th over - 0 run(s), 0 hit(s), 0 error(s), 0 left on base; Corpus Christi 4 - Rappahannock 0 |
TOP OF THE 5TH |
Corpus Christi Twins batting - Pitching for Rappahannock Partisans : RHP Jim Unknown
|
Batting: RHB Andrew Floyd
|
0-0: Called Strike 0-1: Foul Ball, location: 2F 0-2: Ball 1-2: Ball 2-2: Strikes out swinging
|
Batting: RHB Bill McCarty
|
0-0: Foul Ball, location: 2F 0-1: Ball 1-1: Ground out 6-3 (Groundball, 6)
|
Batting: RHB Gonzalo Núñez
|
0-0: Ball 1-0: Ball 2-0: Ball 3-0: Called Strike 3-1: Ground out 5-3 (Groundball, 56)
|
Top of the 5th over - 0 run(s), 0 hit(s), 0 error(s), 0 left on base; Corpus Christi 4 - Rappahannock 0 |
BOTTOM OF THE 5TH |
Rappahannock Partisans batting - Pitching for Corpus Christi Twins : RHP Jorge Castillo
|
Batting: RHB Jesús Murillo
|
0-0: Ball 1-0: Foul Ball, location: 2F 1-1: SINGLE (Groundball, 56D)
|
Batting: LHB Miguel Mendoza
|
0-0: Swinging Strike 0-1: Called Strike 0-2: Ball 1-2: Ball 2-2: Grounds into double play, 4-6-3 (Groundball, 34)
|
Batting: RHB Ángel Ruezga
|
0-0: Ball 1-0: Ball 2-0: Called Strike 2-1: Ball 3-1: Base on Balls
|
Batting: RHB Bill Taylor
|
0-0: Called Strike 0-1: Foul Ball, location: 2F 0-2: Ball Ángel Ruezga steals 2nd base 1-2: Foul Ball, location: 2F 1-2: Ball 2-2: Ground out 4-3 (Groundball, 4)
|
Bottom of the 5th over - 0 run(s), 1 hit(s), 0 error(s), 1 left on base; Corpus Christi 4 - Rappahannock 0 |
TOP OF THE 6TH |
Corpus Christi Twins batting - Pitching for Rappahannock Partisans : RHP Jim Unknown
|
Batting: LHB Don Sullivan
|
0-0: Swinging Strike 0-1: Ball 1-1: Swinging Strike 1-2: SINGLE (Flyball, 78S)
|
Batting: LHB John Brewer
|
0-0: Grounds out, U3 (Groundball, 3L)
|
Batting: SHB Miguel Soto
|
0-0: Intentional Walk
|
Batting: RHB Otso Tuulari
|
0-0: Ball 1-0: Called Strike 1-1: Grounds into double play, 4-6-3 (Groundball, 4)
|
Top of the 6th over - 0 run(s), 1 hit(s), 0 error(s), 1 left on base; Corpus Christi 4 - Rappahannock 0 |
BOTTOM OF THE 6TH |
Rappahannock Partisans batting - Pitching for Corpus Christi Twins : RHP Jorge Castillo
|
Batting: LHB Alfonso López
|
0-0: Ball 1-0: Called Strike 1-1: Ball 2-1: Fly out, F5 (Popup, 25)
|
Batting: RHB Eduardo Manuel
|
0-0: Ball 1-0: Called Strike 1-1: Foul Ball, location: 2F 1-2: Ground out 3-1 (Groundball, 34)
|
Batting: RHB José Mata
|
0-0: Called Strike 0-1: Foul Ball, location: 2F 0-2: Strikes out swinging
|
Bottom of the 6th over - 0 run(s), 0 hit(s), 0 error(s), 0 left on base; Corpus Christi 4 - Rappahannock 0 |
TOP OF THE 7TH |
Corpus Christi Twins batting - Pitching for Rappahannock Partisans : RHP Jim Unknown
|
Batting: RHB Denis Taylor
|
0-0: Swinging Strike 0-1: Foul Ball, location: 2F 0-2: Foul Ball, location: 2F 0-2: Foul Ball, location: 2F 0-2: Foul Ball, location: 2F 0-2: Strikes out swinging
|
Batting: RHB Vincent Parker
|
0-0: SOLO HOME RUN (Flyball, 9D), Distance : 352 ft
|
Pitching: RHP Lindsay Turner
|
|
Batting: RHB Andrew Floyd
|
0-0: Called Strike 0-1: Fly out, F7 (Popup, 5DF)
|
Batting: RHB Bill McCarty
|
0-0: Ball 1-0: Ball 2-0: Ball 3-0: Called Strike 3-1: Foul Ball, location: 2F 3-2: Foul Ball, location: 2F 3-2: Foul Ball, location: 2F 3-2: Foul Ball, location: 2F 3-2: Foul Ball, location: 2F 3-2: SINGLE (Line Drive, 4D)
|
Batting: RHB Gonzalo Núñez
|
0-0: Called Strike 0-1: Ball 1-1: Ball 2-1: Called Strike 2-2: Foul Ball, location: 2F 2-2: Fly out, F9 (Flyball, 89D)
|
Top of the 7th over - 1 run(s), 2 hit(s), 0 error(s), 1 left on base; Corpus Christi 5 - Rappahannock 0 |
BOTTOM OF THE 7TH |
Rappahannock Partisans batting - Pitching for Corpus Christi Twins : RHP Jorge Castillo
|
Batting: RHB Matt Sheppard
|
0-0: Ball 1-0: Foul Ball, location: 2F 1-1: Ball 2-1: Called Strike 2-2: Foul Ball, location: 2F 2-2: Ball 3-2: Base on Balls
|
Batting: LHB Jim Unknown
|
0-0: Swinging Strike 0-1: Called Strike 0-2: Strikes out swinging
|
Batting: RHB Jesús Murillo
|
0-0: Ball 1-0: Swinging Strike 1-1: Ball 2-1: Fly out, F8 (Flyball, 8LM)
|
Batting: LHB Miguel Mendoza
|
0-0: Foul Ball, location: 2F 0-1: Fly out, F7 (Flyball, 78M)
|
Bottom of the 7th over - 0 run(s), 0 hit(s), 0 error(s), 1 left on base; Corpus Christi 5 - Rappahannock 0 |
TOP OF THE 8TH |
Corpus Christi Twins batting - Pitching for Rappahannock Partisans : RHP Lindsay Turner
|
Batting: LHB Don Sullivan
|
0-0: Called Strike 0-1: Ball 1-1: Foul Ball, location: 2F 1-2: Ball 2-2: Ball 3-2: Foul Ball, location: 2F 3-2: Strikes out swinging
|
Batting: LHB John Brewer
|
0-0: Foul Ball, location: 2F 0-1: Foul Ball, location: 2F 0-2: Fly out, F4 (Popup, 4)
|
Batting: SHB Miguel Soto
|
0-0: Called Strike 0-1: Ball 1-1: Fly out, F7 (Flyball, 7LM)
|
Top of the 8th over - 0 run(s), 0 hit(s), 0 error(s), 0 left on base; Corpus Christi 5 - Rappahannock 0 |
BOTTOM OF THE 8TH |
Rappahannock Partisans batting - Pitching for Corpus Christi Twins : RHP Jorge Castillo
|
Batting: RHB Ángel Ruezga
|
0-0: Called Strike 0-1: Foul Ball, location: 2F 0-2: Ball 1-2: Foul Ball, location: 2F 1-2: Foul Ball, location: 2F 1-2: Fly out, F3 (Popup, 3F)
|
Batting: RHB Bill Taylor
|
0-0: Called Strike 0-1: Ball 1-1: Ball 2-1: Foul Ball, location: 2F 2-2: Foul Ball, location: 2F 2-2: Foul Ball, location: 2F 2-2: Ball 3-2: Strikes out looking
|
Batting: LHB Alfonso López
|
0-0: Ground out 4-3 (Groundball, 4)
|
Bottom of the 8th over - 0 run(s), 0 hit(s), 0 error(s), 0 left on base; Corpus Christi 5 - Rappahannock 0 |
TOP OF THE 9TH |
Corpus Christi Twins batting - Pitching for Rappahannock Partisans : RHP Lindsay Turner
|
Batting: RHB Otso Tuulari
|
0-0: Ball 1-0: SINGLE (Groundball, 56D)
|
Batting: RHB Denis Taylor
|
0-0: Ball 1-0: Swinging Strike 1-1: Fly out, F6 (Line Drive, 6M) 1-1: Lined into DP, 6-3 (Line Drive, 6M)
|
Batting: RHB Vincent Parker
|
0-0: Foul Ball, location: 2F 0-1: Foul Ball, location: 2F 0-2: SINGLE (Line Drive, 6MD)
|
Batting: RHB Andrew Floyd
|
0-0: Ball 1-0: Foul Ball, location: 2F 1-1: Foul Ball, location: 2F 1-2: Fly out, F9 (Line Drive, 9M)
|
Top of the 9th over - 0 run(s), 2 hit(s), 0 error(s), 1 left on base; Corpus Christi 5 - Rappahannock 0 |
BOTTOM OF THE 9TH |
Rappahannock Partisans batting - Pitching for Corpus Christi Twins : RHP Jorge Castillo
|
Batting: RHB Eduardo Manuel
|
0-0: Foul Ball, location: 2F 0-1: Foul Ball, location: 2F 0-2: SINGLE (Groundball, 56D)
|
Pitching: RHP Jason Mosley
|
|
Batting: RHB José Mata
|
0-0: Ball 1-0: Called Strike 1-1: Ball 2-1: SINGLE (Line Drive, 4M) Eduardo Manuel to second
|
Batting: RHB Matt Sheppard
|
0-0: Ball 1-0: Ball 2-0: Ball 3-0: Called Strike 3-1: Called Strike 3-2: Base on Balls Eduardo Manuel to third José Mata to second
|
Pitching: RHP Reynaldo Díaz
|
|
Batting: LHB Jim Unknown
|
0-0: Ball Passed Ball! Eduardo Manuel scores José Mata to third Matt Sheppard to second 1-0: Called Strike 1-1: Foul Ball, location: 2F 1-2: Ground out 4-3 (Groundball, 4M) José Mata scores Matt Sheppard to third
|
Batting: RHB Jesús Murillo
|
0-0: Called Strike 0-1: Ball 1-1: SINGLE (Groundball, 4M) Matt Sheppard scores
|
Batting: LHB Miguel Mendoza
|
0-0: Ball 1-0: Ball 2-0: Called Strike 2-1: Fly out, F4 (Popup, 4)
|
Pinch Hitting: RHB San-gui Liang
|
0-0: Ball 1-0: Ball 2-0: Called Strike 2-1: Ground out 5-3 (Groundball, 56)
|
Bottom of the 9th over - 3 run(s), 3 hit(s), 0 error(s), 1 left on base; Corpus Christi 5 - Rappahannock 3 |
|